 Dungeon Crawl Stone Soup version 0.19.1-1-g22dce08 (webtiles) character file.

457 Alarkh the Chopper (level 6, -9/51 HPs)
             Began as a Draconian Monk on Jan 18, 2017.
             Mangled by Blork the orc
             ... wielding a +0 glaive
              (19 damage)
             ... on level 4 of the Dungeon.
             The game lasted 00:04:38 (3880 turns).

Alarkh the Chopper (Draconian Monk)                 Turns: 3880, Time: 00:04:39

Health: -9/51      AC:  0    Str: 14    XL:     6   Next: 77%
Magic:  3/6        EV: 20    Int: 17    God:
Gold:   188        SH:  0    Dex: 18    Spells: 0 memorised, 5 levels left

rFire  . . .     SeeInvis .     (weapon currently unavailable)
rCold  . . .     Gourm    .     (armour unavailable)
rNeg   . . .     Faith    .     (shield currently unavailable)
rPois  .         Spirit   .     (helmet currently unavailable)
rElec  .         Reflect  .     (cloak currently unavailable)
rCorr  .         Harm     .     (gloves currently unavailable)
MR     .....                    (boots currently unavailable)
Stlth  +++.......               (no amulet)
                                (ring currently unavailable)
                                (ring currently unavailable)

@: brilliant, agile, pig-form (expiring), very quick
A: unfitting armour, (cold-blooded), AC +6
a: no special abilities


You were on level 4 of the Dungeon.
You were not hungry.
You were a filthy swine.
You visited 1 branch of the dungeon, and saw 4 of its levels.

You collected 188 gold pieces.

Inventory:

Hand Weapons
 a - a +2 antimagic hand axe (melded)
 o - a +0 hand axe
Armour
 q - a +2 pair of boots (melded)
 r - a +1 cloak (melded)
Scrolls
 c - a scroll of random uselessness {unknown}
 d - a scroll of recharging
 e - a scroll of identify
 g - a scroll of fear {unknown}
 h - a scroll of remove curse
 i - a scroll of fog {unknown}
 j - a scroll of magic mapping {unknown}
Potions
 m - a potion of cure mutation
 p - a potion of brilliance
Comestibles
 b - 4 bread rations
 f - a meat ration
 k - 3 beef jerkies
 s - 9 chunks of flesh


   Skills:
 - Level 3.2 Fighting
 + Level 7.7 Axes
 - Level 2.6 Dodging
 - Level 1.7 Stealth


You had 5 spell levels left.
You didn't know any spells.

Dungeon Overview and Level Annotations

Branches:
Dungeon (4/15)
 Temple: D:4-7

Altars:
Nemelex Xobeh

Annotations:
D:4 Blork the orc


Innate Abilities, Weirdness & Mutations

((Your plain brown scales are hard. (AC +6)))
You cannot fit into any form of body armour.
((You are cold-blooded and may be slowed by cold attacks.))


Message History

You barely miss something. Something closely misses you.
The orc completely misses you.
You miss something.
You hear some strange, mumbled words.
A puff of frost appears from out of thin air!
The puff of frost hits you!
The orc wizard casts a spell.
The orc wizard seems to speed up.
The orc closely misses you. x2
You barely miss something. Something barely misses you. Something hits you.
The orc misses you. x2
It was a potion of lignification.
You feel woody for a moment. Something hits you. The orc misses you.
You miss something.
You hear some strange, mumbled words.
A puff of frost appears from out of thin air!
The puff of frost hits you!
* * * LOW HITPOINT WARNING * * *
The orc completely misses you.
You closely miss something. Something hits you!!
You die...

#........>##
###..........##
..............#
...............#
.####..........##
##..........#
#..........#
##.........#
#oh####...# #o{#
.### #.o# .# #..#
.# ..!# .. ###
....# #.. .#...
##. .####. #. #.
#. ###.


You could see an orc wizard and 2 orcs.

Vanquished Creatures
  Sigmund (D:3)
  An ogre (D:4)
  An orc priest (D:3)
  A worker ant (D:4)
  4 adders
  3 oozes
  3 worms
  8 dart slugs
  2 leopard geckos
  10 orcs
  A ball python (D:3)
  7 bats
  3 giant cockroaches
  10 goblins
  6 hobgoblins
  6 jackals
  3 quokkas
  8 frilled lizards
  6 kobolds
  11 rats
95 creatures vanquished.

Vanquished Creatures (others)
  A goblin (D:3)
1 creature vanquished.

Grand Total: 96 creatures vanquished

Notes
Turn   | Place    | Note
-------+----------+-------------------------------------------
     0 | D:1      | Alarkh the Draconian Monk began the quest for the Orb.
     0 | D:1      | Reached XP level 1. HP: 19/19 MP: 1/1
   225 | D:1      | Reached XP level 2. HP: 18/26 MP: 2/2
   384 | D:1      | Reached skill level 4 in Axes
   664 | D:1      | Reached XP level 3. HP: 20/31 MP: 3/3
  1754 | D:2      | Reached skill level 5 in Axes
  1754 | D:2      | Reached XP level 4. HP: 24/38 MP: 4/4
  1929 | D:2      | Found a sparkling altar of Nemelex Xobeh.
  2390 | D:3      | Noticed Sigmund
  2400 | D:3      | Killed Sigmund
  2400 | D:3      | Reached skill level 6 in Axes
  2400 | D:3      | Reached XP level 5. HP: 36/45 MP: 5/5
  2465 | D:3      | Found a sparkling altar of Nemelex Xobeh.
  2489 | D:3      | Reached XP level 6. HP: 24/51 MP: 6/6
  2863 | D:3      | Reached skill level 7 in Axes
  3848 | D:4      | Noticed Blork the orc
  3880 | D:4      | Mangled by Blork the orc

Skill      XL: |  1  2  3  4  5  6 |
---------------+-------------------+-----
Axes           | 4 5 6 7 |  7.7
Fighting       | |  3.2
Dodging        | |  2.6
Stealth        | |  1.7

Action                   |  1- 3 |  4- 6 || total
-------------------------+-------+-------++-------
Melee: Hand axe          |   149 |   177 ||   326
       Tailslap          |    22 |    25 ||    47
       Unarmed           |       |    17 ||    17
  Use: Scroll            |     1 |     6 ||     7
       Potion            |       |     5 ||     5
 Stab: Sleeping          |     4 |     2 ||     6
       Distracted        |     1 |       ||     1
  Eat: Chunk             |     3 |     7 ||    10
Armor: Skin              |    36 |    45 ||    81
Dodge: Dodged            |    93 |   144 ||   237
